 Dungeon Crawl Stone Soup version 0.17.0-18-gaab0e96 (webtiles) character file.

249 4thArraOfDagon the Ruffian (level 5, -14/72 HPs)
             Began as a Minotaur Monk on Nov 11, 2015.
             Was a Priest of Cheibriados (penitent).
             Demolished by an ogre
             ... wielding a +0 giant club
              (21 damage)
             ... on level 6 of the Dungeon.
             The game lasted 00:05:32 (1108 turns).

4thArraOfDagon the Ruffian (Minotaur Monk)          Turns: 1108, Time: 00:05:33

Health: -14/72     AC: 10    Str: 19    XL:     5   Next: 86%
Magic:  4/4        EV:  6    Int:  8    God:    Cheibriados [*]
Gold:   172        SH:  9    Dex: 13    Spells: 0 memorised, 4 levels left

rFire  . . .     SeeInvis .       - Unarmed
rCold  . . .     Clarity  .     e - +0 chain mail
rNeg   . . .     SustAt   .     k - +0 shield
rPois  .         Gourm    .     (helmet restricted)
rElec  .         Spirit   .     o - +1 cloak
rCorr  +         Warding  .     (no gloves)
rMut   .         Stasis   .     (no boots)
MR     .....                    q - amulet of resist corrosion
Stlth  ..........               n - -3 ring of strength (curse)
                                a - +2 ring of strength

@: berserking, very slow, not resistant to hostile enchantments, extremely
unstealthy
A: retaliatory headbutt, horns 2
a: Renounce Religion


You were on level 6 of the Dungeon.
You worshipped Cheibriados.
Cheibriados was demanding penance.
You were not hungry.

You visited 1 branch of the dungeon, and saw 6 of its levels.

You collected 172 gold pieces.

Inventory:

Armour
 e - a +0 chain mail (worn)
 k - a +0 shield (worn)
 o - a +1 cloak (worn)
Jewellery
 a - a +2 ring of strength (left hand)
 n - a cursed -3 ring of strength (right hand)
 p - an uncursed ring of fire
 q - an amulet of resist corrosion (around neck)
Scrolls
 g - a scroll of enchant armour
 s - a scroll of remove curse {unknown}
Potions
 c - 2 potions of beneficial mutation
 d - a potion of cancellation {unknown}
 f - a potion of poison {unknown}
 i - 3 potions of brilliance
 j - a potion of curing
 r - a potion of lignification {unknown}
 t - a potion of magic {unknown}
Comestibles
 b - 3 bread rations
 h - a beef jerky
 m - 2 slices of pizza
 u - 2 chunks of flesh


   Skills:
 + Level 5.0 Fighting
 + Level 4.4 Dodging
 - Level 1.5 Stealth
 * Level 3.1 Shields
 * Level 5.6 Unarmed Combat


You had 4 spell levels left.
You didn't know any spells.

Dungeon Overview and Level Annotations

Branches:
Dungeon (6/15)
 Temple: D:4-7

Altars:
Cheibriados
Dithmenos
Zin

Shops:
D:3 *


Innate Abilities, Weirdness & Mutations

You reflexively headbutt those who attack you in melee.
You have a pair of horns on your head.


Message History

The ogre hits you with a giant club!!
* * * LOW HITPOINT WARNING * * *
You hit the ogre.
The ogre is moderately wounded.
You block the ogre's attack.
Unknown command.
Drink which item? (? for menu, Esc to quit)
Okay, then.
Drink which item? (? for menu, Esc to quit)
A red film seems to cover your vision as you go berserk!
Cheibriados thinks you should slow down.
You feel very guilty.
Cheibriados reduces the support of your attributes as your movement quickens. "You will pay for your transgression, mortal!"
Cheibriados forces you to slow down.
You feel mighty!
You punch the ogre!
The ogre is almost dead.
The ogre hits you with a giant club!!
You die...

#.......#..##
#....##.# .##.#
## ...... .#
##.# . ##.####
## #.# .# #. ..#
.## #. # #.....#
.# #.##.##.#.#.#
.#
#.....O...#.##.#
#@# #.##.#
#.###.##.#
#......#.#
#.###..#.#
#.#.#....#
#.#.#.#..#
###.#...#..#
#.........>##
#.........#


You could see an ogre.

Vanquished Creatures
  A crimson imp (D:5)
  Ijyb (D:3)
  Terence (D:2)
  3 worker ants
  5 adders
  A worm (D:2)
  6 orcs
  3 ball pythons
  2 bats (D:1)
  A giant cockroach (D:6)
  3 goblins
  4 hobgoblins
  2 jackals (D:1)
  A kobold (D:2)
  A giant gecko (D:3)
  A giant newt (D:2)
  3 rats
39 creatures vanquished.

Vanquished Creatures (others)
  5 toadstools (D:1)
5 creatures vanquished.

Grand Total: 44 creatures vanquished

Notes
Turn   | Place    | Note
--------------------------------------------------------------
     0 | D:1      | 4thArraOfDagon the Minotaur Monk began the quest for the Orb.
     0 | D:1      | Reached XP level 1. HP: 19/19 MP: 0/0
   123 | D:3      | Found a snail-covered altar of Cheibriados.
   123 | D:3      | Noticed Ijyb
   129 | D:3      | Became a worshipper of Cheibriados the Contemplative
   129 | D:3      | Reached * piety under Cheibriados
   129 | D:3      | Reached ** piety under Cheibriados
   141 | D:3      | Killed Ijyb
   141 | D:3      | Reached XP level 2. HP: 27/27 MP: 1/1
   141 | D:3      | Reached XP level 3. HP: 33/33 MP: 2/2
   189 | D:2      | Reached skill level 5 in Unarmed Combat
   303 | D:2      | Noticed Terence
   311 | D:2      | Killed Terence
   311 | D:2      | Reached skill level 1 in Shields
   311 | D:2      | Reached XP level 4. HP: 41/41 MP: 3/3
   429 | D:2      | Found a shadowy altar of Dithmenos.
   616 | D:3      | Reached *** piety under Cheibriados
   749 | D:4      | Reached XP level 5. HP: 45/47 MP: 4/4
   766 | D:3      | Found Zin's Purification Station.
   776 | D:3      | Found a glowing silver altar of Zin.
   862 | D:5      | Entered Level 5 of the Dungeon
   933 | D:5      | Reached skill level 5 in Fighting
  1042 | D:6      | Noticed an orc warrior
  1102 | D:6      | Noticed an ogre
  1107 | D:6      | Was placed under penance by Cheibriados
  1108 | D:6      | Demolished by an ogre

Action                   |  1- 3 |  4- 6 || total
-------------------------+-------+-------++-------
Melee: Unarmed           |    39 |    83 ||   122
  Use: Scroll            |       |     7 ||     7
       Potion            |       |     1 ||     1
